Workbook

Sheet 外出计划
A1: 外出计划
A2: 每次外出一行，从一天病假到年末停业都适用。填写白色列；带底色的列会自动填写。
A3: 外出最后一天是返岗的前一天。“返岗日”和“回复截止日”会跳过周末和“列表”工作表中的休息日。“状态”使用今天的日期。
A4: 外出事项 | B4: 外出人员 | C4: 场景 | D4: 外出第一天 | E4: 外出最后一天 | F4: 返岗日 | G4: 回复截止日 | H4: 代班同事 | I4: 紧急是指 | J4: AI 客服怎么说 | K4: 对外回复已设置 | L4: 对内回复已设置 | M4: 网站聊天已更新 | N4: 语音信箱和状态已更新 | O4: 就绪 | P4: 返岗后跟进 | Q4: 跟进已完成 | R4: 状态 | S4: 已记录消息 | T4: 延迟或未回复
A5: Grace 的 2026 年报税季 | B5: Grace Okafor | C5: 繁忙期 | D5: 46118 | E5: 46127 | F5: =IF($E5="","",WORKDAY($E5,1,'列表'!$D$11:$D$40)) | G5: =IF($F5="","",WORKDAY($F5,'列表'!$D$5,'列表'!$D$11:$D$40)) | H5: Felipe Andrade | I5: 有截止日期的税务通知 | J5: 4 月 15 日前，回复最多需要 3 个工作日。紧急通知交给 Felipe。 | K5: 是 | L5: 是 | M5: 是 | N5: 是 | O5: =IF($A5="","",IF(COUNTIF($K5:$N5,"是")=4,"已就绪","未就绪")) | P5: 清理积压邮件 | Q5: 是 | R5: =IF(OR($A5="",$D5="",$E5=""),"",IF(TODAY()<$D5,IF(AND($O5<>"已就绪",$D5-TODAY()<='列表'!$D$7),"立即设置消息","已计划"),IF(TODAY()<=$E5,"外出中",IF($Q5="是","已结束",IF(TODAY()>$G5,"跟进逾期","待跟进"))))) | S5: =IF($A5="","",COUNTIF('外出记录'!$B$5:$B$204,$A5)) | T5: =IF($A5="","",COUNTIFS('外出记录'!$B$5:$B$204,$A5,'外出记录'!$L$5:$L$204,"延迟回复")+COUNTIFS('外出记录'!$B$5:$B$204,$A5,'外出记录'!$L$5:$L$204,"逾期")+COUNTIFS('外出记录'!$B$5:$B$204,$A5,'外出记录'!$L$5:$L$204,"今天到期")+COUNTIFS('外出记录'!$B$5:$B$204,$A5,'外出记录'!$L$5:$L$204,"待回复"))
A6: Grace 参加税务会议 | B6: Grace Okafor | C6: 会议或出差 | D6: 46188 | E6: 46190 | F6: =IF($E6="","",WORKDAY($E6,1,'列表'!$D$11:$D$40)) | G6: =IF($F6="","",WORKDAY($F6,'列表'!$D$5,'列表'!$D$11:$D$40)) | H6: Felipe Andrade | I6: 有截止日期的税务通知、工资发放 | J6: Grace 外出参加工作活动至 6 月 17 日。Felipe 回答紧急问题。 | K6: 是 | L6: 是 | M6: 是 | N6: 是 | O6: =IF($A6="","",IF(COUNTIF($K6:$N6,"是")=4,"已就绪","未就绪")) | P6: 回复 6 封客户邮件 | Q6: 是 | R6: =IF(OR($A6="",$D6="",$E6=""),"",IF(TODAY()<$D6,IF(AND($O6<>"已就绪",$D6-TODAY()<='列表'!$D$7),"立即设置消息","已计划"),IF(TODAY()<=$E6,"外出中",IF($Q6="是","已结束",IF(TODAY()>$G6,"跟进逾期","待跟进"))))) | S6: =IF($A6="","",COUNTIF('外出记录'!$B$5:$B$204,$A6)) | T6: =IF($A6="","",COUNTIFS('外出记录'!$B$5:$B$204,$A6,'外出记录'!$L$5:$L$204,"延迟回复")+COUNTIFS('外出记录'!$B$5:$B$204,$A6,'外出记录'!$L$5:$L$204,"逾期")+COUNTIFS('外出记录'!$B$5:$B$204,$A6,'外出记录'!$L$5:$L$204,"今天到期")+COUNTIFS('外出记录'!$B$5:$B$204,$A6,'外出记录'!$L$5:$L$204,"待回复"))
A7: 独立日停业 | B7: 整个办公室 | C7: 节假日停业 | D7: 46206 | E7: 46206 | F7: =IF($E7="","",WORKDAY($E7,1,'列表'!$D$11:$D$40)) | G7: =IF($F7="","",WORKDAY($F7,'列表'!$D$5,'列表'!$D$11:$D$40)) | H7: Felipe Andrade | I7: 工资发放、银行问题 | J7: 7 月 3 日周五停业，7 月 6 日周一恢复营业。 | K7: 是 | L7: 是 | M7: 是 | N7: 是 | O7: =IF($A7="","",IF(COUNTIF($K7:$N7,"是")=4,"已就绪","未就绪")) | P7: 无 | Q7: 是 | R7: =IF(OR($A7="",$D7="",$E7=""),"",IF(TODAY()<$D7,IF(AND($O7<>"已就绪",$D7-TODAY()<='列表'!$D$7),"立即设置消息","已计划"),IF(TODAY()<=$E7,"外出中",IF($Q7="是","已结束",IF(TODAY()>$G7,"跟进逾期","待跟进"))))) | S7: =IF($A7="","",COUNTIF('外出记录'!$B$5:$B$204,$A7)) | T7: =IF($A7="","",COUNTIFS('外出记录'!$B$5:$B$204,$A7,'外出记录'!$L$5:$L$204,"延迟回复")+COUNTIFS('外出记录'!$B$5:$B$204,$A7,'外出记录'!$L$5:$L$204,"逾期")+COUNTIFS('外出记录'!$B$5:$B$204,$A7,'外出记录'!$L$5:$L$204,"今天到期")+COUNTIFS('外出记录'!$B$5:$B$204,$A7,'外出记录'!$L$5:$L$204,"待回复"))
A8: Felipe 的 8 月休假 | B8: Felipe Andrade | C8: 休假 | D8: 46251 | E8: 46262 | F8: =IF($E8="","",WORKDAY($E8,1,'列表'!$D$11:$D$40)) | G8: =IF($F8="","",WORKDAY($F8,'列表'!$D$5,'列表'!$D$11:$D$40)) | H8: Grace Okafor | I8: 工资发放、银行问题 | J8: Felipe 外出中，8 月 31 日回来。Grace 负责回复他的客户。 | K8: 是 | L8: 是 | M8: 是 | N8: 是 | O8: =IF($A8="","",IF(COUNTIF($K8:$N8,"是")=4,"已就绪","未就绪")) | P8: 回复 Felipe 邮箱中的客户邮件 | Q8: 否 | R8: =IF(OR($A8="",$D8="",$E8=""),"",IF(TODAY()<$D8,IF(AND($O8<>"已就绪",$D8-TODAY()<='列表'!$D$7),"立即设置消息","已计划"),IF(TODAY()<=$E8,"外出中",IF($Q8="是","已结束",IF(TODAY()>$G8,"跟进逾期","待跟进"))))) | S8: =IF($A8="","",COUNTIF('外出记录'!$B$5:$B$204,$A8)) | T8: =IF($A8="","",COUNTIFS('外出记录'!$B$5:$B$204,$A8,'外出记录'!$L$5:$L$204,"延迟回复")+COUNTIFS('外出记录'!$B$5:$B$204,$A8,'外出记录'!$L$5:$L$204,"逾期")+COUNTIFS('外出记录'!$B$5:$B$204,$A8,'外出记录'!$L$5:$L$204,"今天到期")+COUNTIFS('外出记录'!$B$5:$B$204,$A8,'外出记录'!$L$5:$L$204,"待回复"))
A9: 感恩节停业 | B9: 整个办公室 | C9: 节假日停业 | D9: 46352 | E9: 46353 | F9: =IF($E9="","",WORKDAY($E9,1,'列表'!$D$11:$D$40)) | G9: =IF($F9="","",WORKDAY($F9,'列表'!$D$5,'列表'!$D$11:$D$40)) | H9: Felipe Andrade | I9: 工资发放、银行问题 | J9: 11 月 26 日和 27 日停业，11 月 30 日周一恢复营业。 | K9: 否 | L9: 否 | M9: 否 | N9: 否 | O9: =IF($A9="","",IF(COUNTIF($K9:$N9,"是")=4,"已就绪","未就绪")) | P9: 在回复截止日前回复所有消息 | R9: =IF(OR($A9="",$D9="",$E9=""),"",IF(TODAY()<$D9,IF(AND($O9<>"已就绪",$D9-TODAY()<='列表'!$D$7),"立即设置消息","已计划"),IF(TODAY()<=$E9,"外出中",IF($Q9="是","已结束",IF(TODAY()>$G9,"跟进逾期","待跟进"))))) | S9: =IF($A9="","",COUNTIF('外出记录'!$B$5:$B$204,$A9)) | T9: =IF($A9="","",COUNTIFS('外出记录'!$B$5:$B$204,$A9,'外出记录'!$L$5:$L$204,"延迟回复")+COUNTIFS('外出记录'!$B$5:$B$204,$A9,'外出记录'!$L$5:$L$204,"逾期")+COUNTIFS('外出记录'!$B$5:$B$204,$A9,'外出记录'!$L$5:$L$204,"今天到期")+COUNTIFS('外出记录'!$B$5:$B$204,$A9,'外出记录'!$L$5:$L$204,"待回复"))
A10: Grace 的 2026 年末休假 | B10: Grace Okafor | C10: 休假 | D10: 46375 | E10: 46390 | F10: =IF($E10="","",WORKDAY($E10,1,'列表'!$D$11:$D$40)) | G10: =IF($F10="","",WORKDAY($F10,'列表'!$D$5,'列表'!$D$11:$D$40)) | H10: Felipe Andrade | I10: 有截止日期的税务通知、工资发放、银行问题 | J10: 节日期间停业，1 月 4 日周一恢复营业。紧急：Felipe 会在下一个工作日 10:00 前回复。其他消息在 1 月 6 日周三前回复。 | K10: 是 | L10: 是 | M10: 是 | N10: 是 | O10: =IF($A10="","",IF(COUNTIF($K10:$N10,"是")=4,"已就绪","未就绪")) | P10: 与 Owen Pryce 一起复核 IRS 通知；给 Tamsin Reilly 打电话；回复其余消息 | Q10: 是 | R10: =IF(OR($A10="",$D10="",$E10=""),"",IF(TODAY()<$D10,IF(AND($O10<>"已就绪",$D10-TODAY()<='列表'!$D$7),"立即设置消息","已计划"),IF(TODAY()<=$E10,"外出中",IF($Q10="是","已结束",IF(TODAY()>$G10,"跟进逾期","待跟进"))))) | S10: =IF($A10="","",COUNTIF('外出记录'!$B$5:$B$204,$A10)) | T10: =IF($A10="","",COUNTIFS('外出记录'!$B$5:$B$204,$A10,'外出记录'!$L$5:$L$204,"延迟回复")+COUNTIFS('外出记录'!$B$5:$B$204,$A10,'外出记录'!$L$5:$L$204,"逾期")+COUNTIFS('外出记录'!$B$5:$B$204,$A10,'外出记录'!$L$5:$L$204,"今天到期")+COUNTIFS('外出记录'!$B$5:$B$204,$A10,'外出记录'!$L$5:$L$204,"待回复"))
A11: Felipe 的陪产假 | B11: Felipe Andrade | C11: 产假或陪产假 | D11: 46419 | E11: 46458 | F11: =IF($E11="","",WORKDAY($E11,1,'列表'!$D$11:$D$40)) | G11: =IF($F11="","",WORKDAY($F11,'列表'!$D$5,'列表'!$D$11:$D$40)) | H11: Grace Okafor | I11: 工资发放、银行问题 | J11: Felipe 休假至 3 月。Grace 负责他的客户。 | K11: 否 | L11: 否 | M11: 否 | N11: 否 | O11: =IF($A11="","",IF(COUNTIF($K11:$N11,"是")=4,"已就绪","未就绪")) | P11: 把客户交还给他，并附上备注 | R11: =IF(OR($A11="",$D11="",$E11=""),"",IF(TODAY()<$D11,IF(AND($O11<>"已就绪",$D11-TODAY()<='列表'!$D$7),"立即设置消息","已计划"),IF(TODAY()<=$E11,"外出中",IF($Q11="是","已结束",IF(TODAY()>$G11,"跟进逾期","待跟进"))))) | S11: =IF($A11="","",COUNTIF('外出记录'!$B$5:$B$204,$A11)) | T11: =IF($A11="","",COUNTIFS('外出记录'!$B$5:$B$204,$A11,'外出记录'!$L$5:$L$204,"延迟回复")+COUNTIFS('外出记录'!$B$5:$B$204,$A11,'外出记录'!$L$5:$L$204,"逾期")+COUNTIFS('外出记录'!$B$5:$B$204,$A11,'外出记录'!$L$5:$L$204,"今天到期")+COUNTIFS('外出记录'!$B$5:$B$204,$A11,'外出记录'!$L$5:$L$204,"待回复"))
F12: =IF($E12="","",WORKDAY($E12,1,'列表'!$D$11:$D$40)) | G12: =IF($F12="","",WORKDAY($F12,'列表'!$D$5,'列表'!$D$11:$D$40)) | O12: =IF($A12="","",IF(COUNTIF($K12:$N12,"是")=4,"已就绪","未就绪")) | R12: =IF(OR($A12="",$D12="",$E12=""),"",IF(TODAY()<$D12,IF(AND($O12<>"已就绪",$D12-TODAY()<='列表'!$D$7),"立即设置消息","已计划"),IF(TODAY()<=$E12,"外出中",IF($Q12="是","已结束",IF(TODAY()>$G12,"跟进逾期","待跟进"))))) | S12: =IF($A12="","",COUNTIF('外出记录'!$B$5:$B$204,$A12)) | T12: =IF($A12="","",COUNTIFS('外出记录'!$B$5:$B$204,$A12,'外出记录'!$L$5:$L$204,"延迟回复")+COUNTIFS('外出记录'!$B$5:$B$204,$A12,'外出记录'!$L$5:$L$204,"逾期")+COUNTIFS('外出记录'!$B$5:$B$204,$A12,'外出记录'!$L$5:$L$204,"今天到期")+COUNTIFS('外出记录'!$B$5:$B$204,$A12,'外出记录'!$L$5:$L$204,"待回复"))
F13: =IF($E13="","",WORKDAY($E13,1,'列表'!$D$11:$D$40)) | G13: =IF($F13="","",WORKDAY($F13,'列表'!$D$5,'列表'!$D$11:$D$40)) | O13: =IF($A13="","",IF(COUNTIF($K13:$N13,"是")=4,"已就绪","未就绪")) | R13: =IF(OR($A13="",$D13="",$E13=""),"",IF(TODAY()<$D13,IF(AND($O13<>"已就绪",$D13-TODAY()<='列表'!$D$7),"立即设置消息","已计划"),IF(TODAY()<=$E13,"外出中",IF($Q13="是","已结束",IF(TODAY()>$G13,"跟进逾期","待跟进"))))) | S13: =IF($A13="","",COUNTIF('外出记录'!$B$5:$B$204,$A13)) | T13: =IF($A13="","",COUNTIFS('外出记录'!$B$5:$B$204,$A13,'外出记录'!$L$5:$L$204,"延迟回复")+COUNTIFS('外出记录'!$B$5:$B$204,$A13,'外出记录'!$L$5:$L$204,"逾期")+COUNTIFS('外出记录'!$B$5:$B$204,$A13,'外出记录'!$L$5:$L$204,"今天到期")+COUNTIFS('外出记录'!$B$5:$B$204,$A13,'外出记录'!$L$5:$L$204,"待回复"))
F14: =IF($E14="","",WORKDAY($E14,1,'列表'!$D$11:$D$40)) | G14: =IF($F14="","",WORKDAY($F14,'列表'!$D$5,'列表'!$D$11:$D$40)) | O14: =IF($A14="","",IF(COUNTIF($K14:$N14,"是")=4,"已就绪","未就绪")) | R14: =IF(OR($A14="",$D14="",$E14=""),"",IF(TODAY()<$D14,IF(AND($O14<>"已就绪",$D14-TODAY()<='列表'!$D$7),"立即设置消息","已计划"),IF(TODAY()<=$E14,"外出中",IF($Q14="是","已结束",IF(TODAY()>$G14,"跟进逾期","待跟进"))))) | S14: =IF($A14="","",COUNTIF('外出记录'!$B$5:$B$204,$A14)) | T14: =IF($A14="","",COUNTIFS('外出记录'!$B$5:$B$204,$A14,'外出记录'!$L$5:$L$204,"延迟回复")+COUNTIFS('外出记录'!$B$5:$B$204,$A14,'外出记录'!$L$5:$L$204,"逾期")+COUNTIFS('外出记录'!$B$5:$B$204,$A14,'外出记录'!$L$5:$L$204,"今天到期")+COUNTIFS('外出记录'!$B$5:$B$204,$A14,'外出记录'!$L$5:$L$204,"待回复"))
F15: =IF($E15="","",WORKDAY($E15,1,'列表'!$D$11:$D$40)) | G15: =IF($F15="","",WORKDAY($F15,'列表'!$D$5,'列表'!$D$11:$D$40)) | O15: =IF($A15="","",IF(COUNTIF($K15:$N15,"是")=4,"已就绪","未就绪")) | R15: =IF(OR($A15="",$D15="",$E15=""),"",IF(TODAY()<$D15,IF(AND($O15<>"已就绪",$D15-TODAY()<='列表'!$D$7),"立即设置消息","已计划"),IF(TODAY()<=$E15,"外出中",IF($Q15="是","已结束",IF(TODAY()>$G15,"跟进逾期","待跟进"))))) | S15: =IF($A15="","",COUNTIF('外出记录'!$B$5:$B$204,$A15)) | T15: =IF($A15="","",COUNTIFS('外出记录'!$B$5:$B$204,$A15,'外出记录'!$L$5:$L$204,"延迟回复")+COUNTIFS('外出记录'!$B$5:$B$204,$A15,'外出记录'!$L$5:$L$204,"逾期")+COUNTIFS('外出记录'!$B$5:$B$204,$A15,'外出记录'!$L$5:$L$204,"今天到期")+COUNTIFS('外出记录'!$B$5:$B$204,$A15,'外出记录'!$L$5:$L$204,"待回复"))
F16: =IF($E16="","",WORKDAY($E16,1,'列表'!$D$11:$D$40)) | G16: =IF($F16="","",WORKDAY($F16,'列表'!$D$5,'列表'!$D$11:$D$40)) | O16: =IF($A16="","",IF(COUNTIF($K16:$N16,"是")=4,"已就绪","未就绪")) | R16: =IF(OR($A16="",$D16="",$E16=""),"",IF(TODAY()<$D16,IF(AND($O16<>"已就绪",$D16-TODAY()<='列表'!$D$7),"立即设置消息","已计划"),IF(TODAY()<=$E16,"外出中",IF($Q16="是","已结束",IF(TODAY()>$G16,"跟进逾期","待跟进"))))) | S16: =IF($A16="","",COUNTIF('外出记录'!$B$5:$B$204,$A16)) | T16: =IF($A16="","",COUNTIFS('外出记录'!$B$5:$B$204,$A16,'外出记录'!$L$5:$L$204,"延迟回复")+COUNTIFS('外出记录'!$B$5:$B$204,$A16,'外出记录'!$L$5:$L$204,"逾期")+COUNTIFS('外出记录'!$B$5:$B$204,$A16,'外出记录'!$L$5:$L$204,"今天到期")+COUNTIFS('外出记录'!$B$5:$B$204,$A16,'外出记录'!$L$5:$L$204,"待回复"))
F17: =IF($E17="","",WORKDAY($E17,1,'列表'!$D$11:$D$40)) | G17: =IF($F17="","",WORKDAY($F17,'列表'!$D$5,'列表'!$D$11:$D$40)) | O17: =IF($A17="","",IF(COUNTIF($K17:$N17,"是")=4,"已就绪","未就绪")) | R17: =IF(OR($A17="",$D17="",$E17=""),"",IF(TODAY()<$D17,IF(AND($O17<>"已就绪",$D17-TODAY()<='列表'!$D$7),"立即设置消息","已计划"),IF(TODAY()<=$E17,"外出中",IF($Q17="是","已结束",IF(TODAY()>$G17,"跟进逾期","待跟进"))))) | S17: =IF($A17="","",COUNTIF('外出记录'!$B$5:$B$204,$A17)) | T17: =IF($A17="","",COUNTIFS('外出记录'!$B$5:$B$204,$A17,'外出记录'!$L$5:$L$204,"延迟回复")+COUNTIFS('外出记录'!$B$5:$B$204,$A17,'外出记录'!$L$5:$L$204,"逾期")+COUNTIFS('外出记录'!$B$5:$B$204,$A17,'外出记录'!$L$5:$L$204,"今天到期")+COUNTIFS('外出记录'!$B$5:$B$204,$A17,'外出记录'!$L$5:$L$204,"待回复"))
F18: =IF($E18="","",WORKDAY($E18,1,'列表'!$D$11:$D$40)) | G18: =IF($F18="","",WORKDAY($F18,'列表'!$D$5,'列表'!$D$11:$D$40)) | O18: =IF($A18="","",IF(COUNTIF($K18:$N18,"是")=4,"已就绪","未就绪")) | R18: =IF(OR($A18="",$D18="",$E18=""),"",IF(TODAY()<$D18,IF(AND($O18<>"已就绪",$D18-TODAY()<='列表'!$D$7),"立即设置消息","已计划"),IF(TODAY()<=$E18,"外出中",IF($Q18="是","已结束",IF(TODAY()>$G18,"跟进逾期","待跟进"))))) | S18: =IF($A18="","",COUNTIF('外出记录'!$B$5:$B$204,$A18)) | T18: =IF($A18="","",COUNTIFS('外出记录'!$B$5:$B$204,$A18,'外出记录'!$L$5:$L$204,"延迟回复")+COUNTIFS('外出记录'!$B$5:$B$204,$A18,'外出记录'!$L$5:$L$204,"逾期")+COUNTIFS('外出记录'!$B$5:$B$204,$A18,'外出记录'!$L$5:$L$204,"今天到期")+COUNTIFS('外出记录'!$B$5:$B$204,$A18,'外出记录'!$L$5:$L$204,"待回复"))
F19: =IF($E19="","",WORKDAY($E19,1,'列表'!$D$11:$D$40)) | G19: =IF($F19="","",WORKDAY($F19,'列表'!$D$5,'列表'!$D$11:$D$40)) | O19: =IF($A19="","",IF(COUNTIF($K19:$N19,"是")=4,"已就绪","未就绪")) | R19: =IF(OR($A19="",$D19="",$E19=""),"",IF(TODAY()<$D19,IF(AND($O19<>"已就绪",$D19-TODAY()<='列表'!$D$7),"立即设置消息","已计划"),IF(TODAY()<=$E19,"外出中",IF($Q19="是","已结束",IF(TODAY()>$G19,"跟进逾期","待跟进"))))) | S19: =IF($A19="","",COUNTIF('外出记录'!$B$5:$B$204,$A19)) | T19: =IF($A19="","",COUNTIFS('外出记录'!$B$5:$B$204,$A19,'外出记录'!$L$5:$L$204,"延迟回复")+COUNTIFS('外出记录'!$B$5:$B$204,$A19,'外出记录'!$L$5:$L$204,"逾期")+COUNTIFS('外出记录'!$B$5:$B$204,$A19,'外出记录'!$L$5:$L$204,"今天到期")+COUNTIFS('外出记录'!$B$5:$B$204,$A19,'外出记录'!$L$5:$L$204,"待回复"))
F20: =IF($E20="","",WORKDAY($E20,1,'列表'!$D$11:$D$40)) | G20: =IF($F20="","",WORKDAY($F20,'列表'!$D$5,'列表'!$D$11:$D$40)) | O20: =IF($A20="","",IF(COUNTIF($K20:$N20,"是")=4,"已就绪","未就绪")) | R20: =IF(OR($A20="",$D20="",$E20=""),"",IF(TODAY()<$D20,IF(AND($O20<>"已就绪",$D20-TODAY()<='列表'!$D$7),"立即设置消息","已计划"),IF(TODAY()<=$E20,"外出中",IF($Q20="是","已结束",IF(TODAY()>$G20,"跟进逾期","待跟进"))))) | S20: =IF($A20="","",COUNTIF('外出记录'!$B$5:$B$204,$A20)) | T20: =IF($A20="","",COUNTIFS('外出记录'!$B$5:$B$204,$A20,'外出记录'!$L$5:$L$204,"延迟回复")+COUNTIFS('外出记录'!$B$5:$B$204,$A20,'外出记录'!$L$5:$L$204,"逾期")+COUNTIFS('外出记录'!$B$5:$B$204,$A20,'外出记录'!$L$5:$L$204,"今天到期")+COUNTIFS('外出记录'!$B$5:$B$204,$A20,'外出记录'!$L$5:$L$204,"待回复"))
F21: =IF($E21="","",WORKDAY($E21,1,'列表'!$D$11:$D$40)) | G21: =IF($F21="","",WORKDAY($F21,'列表'!$D$5,'列表'!$D$11:$D$40)) | O21: =IF($A21="","",IF(COUNTIF($K21:$N21,"是")=4,"已就绪","未就绪")) | R21: =IF(OR($A21="",$D21="",$E21=""),"",IF(TODAY()<$D21,IF(AND($O21<>"已就绪",$D21-TODAY()<='列表'!$D$7),"立即设置消息","已计划"),IF(TODAY()<=$E21,"外出中",IF($Q21="是","已结束",IF(TODAY()>$G21,"跟进逾期","待跟进"))))) | S21: =IF($A21="","",COUNTIF('外出记录'!$B$5:$B$204,$A21)) | T21: =IF($A21="","",COUNTIFS('外出记录'!$B$5:$B$204,$A21,'外出记录'!$L$5:$L$204,"延迟回复")+COUNTIFS('外出记录'!$B$5:$B$204,$A21,'外出记录'!$L$5:$L$204,"逾期")+COUNTIFS('外出记录'!$B$5:$B$204,$A21,'外出记录'!$L$5:$L$204,"今天到期")+COUNTIFS('外出记录'!$B$5:$B$204,$A21,'外出记录'!$L$5:$L$204,"待回复"))
F22: =IF($E22="","",WORKDAY($E22,1,'列表'!$D$11:$D$40)) | G22: =IF($F22="","",WORKDAY($F22,'列表'!$D$5,'列表'!$D$11:$D$40)) | O22: =IF($A22="","",IF(COUNTIF($K22:$N22,"是")=4,"已就绪","未就绪")) | R22: =IF(OR($A22="",$D22="",$E22=""),"",IF(TODAY()<$D22,IF(AND($O22<>"已就绪",$D22-TODAY()<='列表'!$D$7),"立即设置消息","已计划"),IF(TODAY()<=$E22,"外出中",IF($Q22="是","已结束",IF(TODAY()>$G22,"跟进逾期","待跟进"))))) | S22: =IF($A22="","",COUNTIF('外出记录'!$B$5:$B$204,$A22)) | T22: =IF($A22="","",COUNTIFS('外出记录'!$B$5:$B$204,$A22,'外出记录'!$L$5:$L$204,"延迟回复")+COUNTIFS('外出记录'!$B$5:$B$204,$A22,'外出记录'!$L$5:$L$204,"逾期")+COUNTIFS('外出记录'!$B$5:$B$204,$A22,'外出记录'!$L$5:$L$204,"今天到期")+COUNTIFS('外出记录'!$B$5:$B$204,$A22,'外出记录'!$L$5:$L$204,"待回复"))
F23: =IF($E23="","",WORKDAY($E23,1,'列表'!$D$11:$D$40)) | G23: =IF($F23="","",WORKDAY($F23,'列表'!$D$5,'列表'!$D$11:$D$40)) | O23: =IF($A23="","",IF(COUNTIF($K23:$N23,"是")=4,"已就绪","未就绪")) | R23: =IF(OR($A23="",$D23="",$E23=""),"",IF(TODAY()<$D23,IF(AND($O23<>"已就绪",$D23-TODAY()<='列表'!$D$7),"立即设置消息","已计划"),IF(TODAY()<=$E23,"外出中",IF($Q23="是","已结束",IF(TODAY()>$G23,"跟进逾期","待跟进"))))) | S23: =IF($A23="","",COUNTIF('外出记录'!$B$5:$B$204,$A23)) | T23: =IF($A23="","",COUNTIFS('外出记录'!$B$5:$B$204,$A23,'外出记录'!$L$5:$L$204,"延迟回复")+COUNTIFS('外出记录'!$B$5:$B$204,$A23,'外出记录'!$L$5:$L$204,"逾期")+COUNTIFS('外出记录'!$B$5:$B$204,$A23,'外出记录'!$L$5:$L$204,"今天到期")+COUNTIFS('外出记录'!$B$5:$B$204,$A23,'外出记录'!$L$5:$L$204,"待回复"))
... F204: =IF($E204="","",WORKDAY($E204,1,'列表'!$D$11:$D$40)) | G204: =IF($F204="","",WORKDAY($F204,'列表'!$D$5,'列表'!$D$11:$D$40)) | O204: =IF($A204="","",IF(COUNTIF($K204:$N204,"是")=4,"已就绪","未就绪")) | R204: =IF(OR($A204="",$D204="",$E204=""),"",IF(TODAY()<$D204,IF(AND($O204<>"已就绪",$D204-TODAY()<='列表'!$D$7),"立即设置消息","已计划"),IF(TODAY()<=$E204,"外出中",IF($Q204="是","已结束",IF(TODAY()>$G204,"跟进逾期","待跟进"))))) | S204: =IF($A204="","",COUNTIF('外出记录'!$B$5:$B$204,$A204)) | T204: =IF($A204="","",COUNTIFS('外出记录'!$B$5:$B$204,$A204,'外出记录'!$L$5:$L$204,"延迟回复")+COUNTIFS('外出记录'!$B$5:$B$204,$A204,'外出记录'!$L$5:$L$204,"逾期")+COUNTIFS('外出记录'!$B$5:$B$204,$A204,'外出记录'!$L$5:$L$204,"今天到期")+COUNTIFS('外出记录'!$B$5:$B$204,$A204,'外出记录'!$L$5:$L$204,"待回复"))

Sheet 外出记录
A1: 外出记录
A2: 外出期间收到的每条消息一行。从列表中选择外出事项：“承诺回复日”会自动填写。
A3: 紧急消息承诺在下一个工作日回复；其他消息按该外出事项的回复截止日回复。
A4: 收到日期 | B4: 外出事项 | C4: 渠道 | D4: 来自 | E4: 公司 | F4: 事由 | G4: 紧急 | H4: 承诺回复日 | I4: 处理人 | J4: 回复日期 | K4: 按时 | L4: 状态 | M4: 备注
A5: 46253 | B5: Felipe 的 8 月休假 | C5: 邮件 | D5: Nadia Ferris | E5: Ferris Pet Grooming | F5: 季度销售税问题 | G5: 否 | H5: =IF(OR($A5="",$B5=""),"",IF($G5="是",WORKDAY($A5,'列表'!$D$6,'列表'!$D$11:$D$40),IFERROR(INDEX('外出计划'!$G$5:$G$204,MATCH($B5,'外出计划'!$A$5:$A$204,0)),""))) | I5: Felipe Andrade | J5: 46269 | K5: =IF(OR($H5="",$J5=""),"",IF($J5<=$H5,"是","否")) | L5: =IF(OR($A5="",$H5=""),"",IF($J5<>"",IF($J5<=$H5,"按时回复","延迟回复"),IF(TODAY()>$H5,"逾期",IF(TODAY()=$H5,"今天到期","待回复")))) | M5: 晚了 2 天：创建一个任务，日期设为回复截止日
A6: 46258 | B6: Felipe 的 8 月休假 | C6: 邮件 | D6: Colm Brady | E6: Brady Roofing | F6: 7 月发票副本 | G6: 否 | H6: =IF(OR($A6="",$B6=""),"",IF($G6="是",WORKDAY($A6,'列表'!$D$6,'列表'!$D$11:$D$40),IFERROR(INDEX('外出计划'!$G$5:$G$204,MATCH($B6,'外出计划'!$A$5:$A$204,0)),""))) | I6: Felipe Andrade | K6: =IF(OR($H6="",$J6=""),"",IF($J6<=$H6,"是","否")) | L6: =IF(OR($A6="",$H6=""),"",IF($J6<>"",IF($J6<=$H6,"按时回复","延迟回复"),IF(TODAY()>$H6,"逾期",IF(TODAY()=$H6,"今天到期","待回复")))) | M6: 仍未回复：今天回复
A7: 46260 | B7: Felipe 的 8 月休假 | C7: 网站聊天 | D7: Yusuf Adeyemi | E7: Adeyemi Tailoring | F7: 银行拦截了一笔工资转账 | G7: 是 | H7: =IF(OR($A7="",$B7=""),"",IF($G7="是",WORKDAY($A7,'列表'!$D$6,'列表'!$D$11:$D$40),IFERROR(INDEX('外出计划'!$G$5:$G$204,MATCH($B7,'外出计划'!$A$5:$A$204,0)),""))) | I7: Grace Okafor | J7: 46261 | K7: =IF(OR($H7="",$J7=""),"",IF($J7<=$H7,"是","否")) | L7: =IF(OR($A7="",$H7=""),"",IF($J7<>"",IF($J7<=$H7,"按时回复","延迟回复"),IF(TODAY()>$H7,"逾期",IF(TODAY()=$H7,"今天到期","待回复"))))
A8: 46377 | B8: Grace 的 2026 年末休假 | C8: 邮件 | D8: Marisol Vega | E8: Vega Dental Studio | F8: 2026 年度 W-2 表何时准备好 | G8: 否 | H8: =IF(OR($A8="",$B8=""),"",IF($G8="是",WORKDAY($A8,'列表'!$D$6,'列表'!$D$11:$D$40),IFERROR(INDEX('外出计划'!$G$5:$G$204,MATCH($B8,'外出计划'!$A$5:$A$204,0)),""))) | I8: Grace Okafor | J8: 46392 | K8: =IF(OR($H8="",$J8=""),"",IF($J8<=$H8,"是","否")) | L8: =IF(OR($A8="",$H8=""),"",IF($J8<>"",IF($J8<=$H8,"按时回复","延迟回复"),IF(TODAY()>$H8,"逾期",IF(TODAY()=$H8,"今天到期","待回复"))))
A9: 46378 | B9: Grace 的 2026 年末休假 | C9: 网站聊天 | D9: Dmitri Volkov | E9: Volkov Auto Repair | F9: 12 月 31 日的工资发放要加上两名新员工 | G9: 是 | H9: =IF(OR($A9="",$B9=""),"",IF($G9="是",WORKDAY($A9,'列表'!$D$6,'列表'!$D$11:$D$40),IFERROR(INDEX('外出计划'!$G$5:$G$204,MATCH($B9,'外出计划'!$A$5:$A$204,0)),""))) | I9: Felipe Andrade | J9: 46379 | K9: =IF(OR($H9="",$J9=""),"",IF($J9<=$H9,"是","否")) | L9: =IF(OR($A9="",$H9=""),"",IF($J9<>"",IF($J9<=$H9,"按时回复","延迟回复"),IF(TODAY()>$H9,"逾期",IF(TODAY()=$H9,"今天到期","待回复"))))
A10: 46384 | B10: Grace 的 2026 年末休假 | C10: 网站聊天 | D10: Owen Pryce | E10: Pryce Landscaping | F10: IRS 通知，1 月 13 日前回复 | G10: 是 | H10: =IF(OR($A10="",$B10=""),"",IF($G10="是",WORKDAY($A10,'列表'!$D$6,'列表'!$D$11:$D$40),IFERROR(INDEX('外出计划'!$G$5:$G$204,MATCH($B10,'外出计划'!$A$5:$A$204,0)),""))) | I10: Felipe Andrade | J10: 46385 | K10: =IF(OR($H10="",$J10=""),"",IF($J10<=$H10,"是","否")) | L10: =IF(OR($A10="",$H10=""),"",IF($J10<>"",IF($J10<=$H10,"按时回复","延迟回复"),IF(TODAY()>$H10,"逾期",IF(TODAY()=$H10,"今天到期","待回复")))) | M10: 1 月 5 日与 Grace 一起复核
A11: 46386 | B11: Grace 的 2026 年末休假 | C11: 电话或语音信箱 | D11: Tamsin Reilly | E11: Tamarack Coffee | F11: 新客户：每月记账 | G11: 否 | H11: =IF(OR($A11="",$B11=""),"",IF($G11="是",WORKDAY($A11,'列表'!$D$6,'列表'!$D$11:$D$40),IFERROR(INDEX('外出计划'!$G$5:$G$204,MATCH($B11,'外出计划'!$A$5:$A$204,0)),""))) | I11: Grace Okafor | J11: 46391 | K11: =IF(OR($H11="",$J11=""),"",IF($J11<=$H11,"是","否")) | L11: =IF(OR($A11="",$H11=""),"",IF($J11<>"",IF($J11<=$H11,"按时回复","延迟回复"),IF(TODAY()>$H11,"逾期",IF(TODAY()=$H11,"今天到期","待回复")))) | M11: 已添加为潜在客户
A12: 46387 | B12: Grace 的 2026 年末休假 | C12: 邮件 | D12: Hector Lin | E12: Lin Family Farm | F12: 用于银行贷款的 2025 年报税表副本 | G12: 是 | H12: =IF(OR($A12="",$B12=""),"",IF($G12="是",WORKDAY($A12,'列表'!$D$6,'列表'!$D$11:$D$40),IFERROR(INDEX('外出计划'!$G$5:$G$204,MATCH($B12,'外出计划'!$A$5:$A$204,0)),""))) | I12: Felipe Andrade | J12: 46391 | K12: =IF(OR($H12="",$J12=""),"",IF($J12<=$H12,"是","否")) | L12: =IF(OR($A12="",$H12=""),"",IF($J12<>"",IF($J12<=$H12,"按时回复","延迟回复"),IF(TODAY()>$H12,"逾期",IF(TODAY()=$H12,"今天到期","待回复")))) | M12: 1 月 1 日是休息日
H13: =IF(OR($A13="",$B13=""),"",IF($G13="是",WORKDAY($A13,'列表'!$D$6,'列表'!$D$11:$D$40),IFERROR(INDEX('外出计划'!$G$5:$G$204,MATCH($B13,'外出计划'!$A$5:$A$204,0)),""))) | K13: =IF(OR($H13="",$J13=""),"",IF($J13<=$H13,"是","否")) | L13: =IF(OR($A13="",$H13=""),"",IF($J13<>"",IF($J13<=$H13,"按时回复","延迟回复"),IF(TODAY()>$H13,"逾期",IF(TODAY()=$H13,"今天到期","待回复"))))
H14: =IF(OR($A14="",$B14=""),"",IF($G14="是",WORKDAY($A14,'列表'!$D$6,'列表'!$D$11:$D$40),IFERROR(INDEX('外出计划'!$G$5:$G$204,MATCH($B14,'外出计划'!$A$5:$A$204,0)),""))) | K14: =IF(OR($H14="",$J14=""),"",IF($J14<=$H14,"是","否")) | L14: =IF(OR($A14="",$H14=""),"",IF($J14<>"",IF($J14<=$H14,"按时回复","延迟回复"),IF(TODAY()>$H14,"逾期",IF(TODAY()=$H14,"今天到期","待回复"))))
H15: =IF(OR($A15="",$B15=""),"",IF($G15="是",WORKDAY($A15,'列表'!$D$6,'列表'!$D$11:$D$40),IFERROR(INDEX('外出计划'!$G$5:$G$204,MATCH($B15,'外出计划'!$A$5:$A$204,0)),""))) | K15: =IF(OR($H15="",$J15=""),"",IF($J15<=$H15,"是","否")) | L15: =IF(OR($A15="",$H15=""),"",IF($J15<>"",IF($J15<=$H15,"按时回复","延迟回复"),IF(TODAY()>$H15,"逾期",IF(TODAY()=$H15,"今天到期","待回复"))))
H16: =IF(OR($A16="",$B16=""),"",IF($G16="是",WORKDAY($A16,'列表'!$D$6,'列表'!$D$11:$D$40),IFERROR(INDEX('外出计划'!$G$5:$G$204,MATCH($B16,'外出计划'!$A$5:$A$204,0)),""))) | K16: =IF(OR($H16="",$J16=""),"",IF($J16<=$H16,"是","否")) | L16: =IF(OR($A16="",$H16=""),"",IF($J16<>"",IF($J16<=$H16,"按时回复","延迟回复"),IF(TODAY()>$H16,"逾期",IF(TODAY()=$H16,"今天到期","待回复"))))
H17: =IF(OR($A17="",$B17=""),"",IF($G17="是",WORKDAY($A17,'列表'!$D$6,'列表'!$D$11:$D$40),IFERROR(INDEX('外出计划'!$G$5:$G$204,MATCH($B17,'外出计划'!$A$5:$A$204,0)),""))) | K17: =IF(OR($H17="",$J17=""),"",IF($J17<=$H17,"是","否")) | L17: =IF(OR($A17="",$H17=""),"",IF($J17<>"",IF($J17<=$H17,"按时回复","延迟回复"),IF(TODAY()>$H17,"逾期",IF(TODAY()=$H17,"今天到期","待回复"))))
H18: =IF(OR($A18="",$B18=""),"",IF($G18="是",WORKDAY($A18,'列表'!$D$6,'列表'!$D$11:$D$40),IFERROR(INDEX('外出计划'!$G$5:$G$204,MATCH($B18,'外出计划'!$A$5:$A$204,0)),""))) | K18: =IF(OR($H18="",$J18=""),"",IF($J18<=$H18,"是","否")) | L18: =IF(OR($A18="",$H18=""),"",IF($J18<>"",IF($J18<=$H18,"按时回复","延迟回复"),IF(TODAY()>$H18,"逾期",IF(TODAY()=$H18,"今天到期","待回复"))))
H19: =IF(OR($A19="",$B19=""),"",IF($G19="是",WORKDAY($A19,'列表'!$D$6,'列表'!$D$11:$D$40),IFERROR(INDEX('外出计划'!$G$5:$G$204,MATCH($B19,'外出计划'!$A$5:$A$204,0)),""))) | K19: =IF(OR($H19="",$J19=""),"",IF($J19<=$H19,"是","否")) | L19: =IF(OR($A19="",$H19=""),"",IF($J19<>"",IF($J19<=$H19,"按时回复","延迟回复"),IF(TODAY()>$H19,"逾期",IF(TODAY()=$H19,"今天到期","待回复"))))
H20: =IF(OR($A20="",$B20=""),"",IF($G20="是",WORKDAY($A20,'列表'!$D$6,'列表'!$D$11:$D$40),IFERROR(INDEX('外出计划'!$G$5:$G$204,MATCH($B20,'外出计划'!$A$5:$A$204,0)),""))) | K20: =IF(OR($H20="",$J20=""),"",IF($J20<=$H20,"是","否")) | L20: =IF(OR($A20="",$H20=""),"",IF($J20<>"",IF($J20<=$H20,"按时回复","延迟回复"),IF(TODAY()>$H20,"逾期",IF(TODAY()=$H20,"今天到期","待回复"))))
H21: =IF(OR($A21="",$B21=""),"",IF($G21="是",WORKDAY($A21,'列表'!$D$6,'列表'!$D$11:$D$40),IFERROR(INDEX('外出计划'!$G$5:$G$204,MATCH($B21,'外出计划'!$A$5:$A$204,0)),""))) | K21: =IF(OR($H21="",$J21=""),"",IF($J21<=$H21,"是","否")) | L21: =IF(OR($A21="",$H21=""),"",IF($J21<>"",IF($J21<=$H21,"按时回复","延迟回复"),IF(TODAY()>$H21,"逾期",IF(TODAY()=$H21,"今天到期","待回复"))))
H22: =IF(OR($A22="",$B22=""),"",IF($G22="是",WORKDAY($A22,'列表'!$D$6,'列表'!$D$11:$D$40),IFERROR(INDEX('外出计划'!$G$5:$G$204,MATCH($B22,'外出计划'!$A$5:$A$204,0)),""))) | K22: =IF(OR($H22="",$J22=""),"",IF($J22<=$H22,"是","否")) | L22: =IF(OR($A22="",$H22=""),"",IF($J22<>"",IF($J22<=$H22,"按时回复","延迟回复"),IF(TODAY()>$H22,"逾期",IF(TODAY()=$H22,"今天到期","待回复"))))
H23: =IF(OR($A23="",$B23=""),"",IF($G23="是",WORKDAY($A23,'列表'!$D$6,'列表'!$D$11:$D$40),IFERROR(INDEX('外出计划'!$G$5:$G$204,MATCH($B23,'外出计划'!$A$5:$A$204,0)),""))) | K23: =IF(OR($H23="",$J23=""),"",IF($J23<=$H23,"是","否")) | L23: =IF(OR($A23="",$H23=""),"",IF($J23<>"",IF($J23<=$H23,"按时回复","延迟回复"),IF(TODAY()>$H23,"逾期",IF(TODAY()=$H23,"今天到期","待回复"))))
H24: =IF(OR($A24="",$B24=""),"",IF($G24="是",WORKDAY($A24,'列表'!$D$6,'列表'!$D$11:$D$40),IFERROR(INDEX('外出计划'!$G$5:$G$204,MATCH($B24,'外出计划'!$A$5:$A$204,0)),""))) | K24: =IF(OR($H24="",$J24=""),"",IF($J24<=$H24,"是","否")) | L24: =IF(OR($A24="",$H24=""),"",IF($J24<>"",IF($J24<=$H24,"按时回复","延迟回复"),IF(TODAY()>$H24,"逾期",IF(TODAY()=$H24,"今天到期","待回复"))))
... H204: =IF(OR($A204="",$B204=""),"",IF($G204="是",WORKDAY($A204,'列表'!$D$6,'列表'!$D$11:$D$40),IFERROR(INDEX('外出计划'!$G$5:$G$204,MATCH($B204,'外出计划'!$A$5:$A$204,0)),""))) | K204: =IF(OR($H204="",$J204=""),"",IF($J204<=$H204,"是","否")) | L204: =IF(OR($A204="",$H204=""),"",IF($J204<>"",IF($J204<=$H204,"按时回复","延迟回复"),IF(TODAY()>$H204,"逾期",IF(TODAY()=$H204,"今天到期","待回复"))))

Sheet 汇总
A1: 外出汇总
A2: 来自“外出计划”和“外出记录”工作表的合计。修改任意一行后会自动更新。
A4: 指标 | B4: 合计
A5: 计划中的外出事项 | B5: =COUNTA('外出计划'!$A$5:$A$204)
A6: 已就绪：四条消息都已设置 | B6: =COUNTIF('外出计划'!$O$5:$O$204,"已就绪")
A7: 尚未就绪 | B7: =COUNTIF('外出计划'!$O$5:$O$204,"未就绪")
A8: 已计划 | B8: =COUNTIF('外出计划'!$R$5:$R$204,"已计划")
A9: 立即设置消息 | B9: =COUNTIF('外出计划'!$R$5:$R$204,"立即设置消息")
A10: 外出中 | B10: =COUNTIF('外出计划'!$R$5:$R$204,"外出中")
A11: 待跟进 | B11: =COUNTIF('外出计划'!$R$5:$R$204,"待跟进")
A12: 跟进逾期 | B12: =COUNTIF('外出计划'!$R$5:$R$204,"跟进逾期")
A13: 已结束 | B13: =COUNTIF('外出计划'!$R$5:$R$204,"已结束")
A14: 已记录消息 | B14: =COUNTA('外出记录'!$A$5:$A$204)
A15: 紧急消息 | B15: =COUNTIFS('外出记录'!$A$5:$A$204,"<>",'外出记录'!$G$5:$G$204,"是")
A16: 已回复 | B16: =COUNTIFS('外出记录'!$A$5:$A$204,"<>",'外出记录'!$J$5:$J$204,"<>")
A17: 在承诺日期前回复 | B17: =COUNTIF('外出记录'!$K$5:$K$204,"是")
A18: 按时回复占比 | B18: =IF(B16=0,"",B17/B16)
A19: 延迟回复 | B19: =COUNTIF('外出记录'!$L$5:$L$204,"延迟回复")
A20: 待回复，未到期 | B20: =COUNTIF('外出记录'!$L$5:$L$204,"待回复")
A21: 今天到期 | B21: =COUNTIF('外出记录'!$L$5:$L$204,"今天到期")
A22: 逾期 | B22: =COUNTIF('外出记录'!$L$5:$L$204,"逾期")
A24: 按渠道
A25: 渠道 | B25: 消息 | C25: 紧急 | D25: 延迟或逾期
A26: ='列表'!$B$11 | B26: =COUNTIF('外出记录'!$C$5:$C$204,A26) | C26: =COUNTIFS('外出记录'!$C$5:$C$204,A26,'外出记录'!$G$5:$G$204,"是") | D26: =COUNTIFS('外出记录'!$C$5:$C$204,A26,'外出记录'!$L$5:$L$204,"延迟回复")+COUNTIFS('外出记录'!$C$5:$C$204,A26,'外出记录'!$L$5:$L$204,"逾期")
A27: ='列表'!$B$12 | B27: =COUNTIF('外出记录'!$C$5:$C$204,A27) | C27: =COUNTIFS('外出记录'!$C$5:$C$204,A27,'外出记录'!$G$5:$G$204,"是") | D27: =COUNTIFS('外出记录'!$C$5:$C$204,A27,'外出记录'!$L$5:$L$204,"延迟回复")+COUNTIFS('外出记录'!$C$5:$C$204,A27,'外出记录'!$L$5:$L$204,"逾期")
A28: ='列表'!$B$13 | B28: =COUNTIF('外出记录'!$C$5:$C$204,A28) | C28: =COUNTIFS('外出记录'!$C$5:$C$204,A28,'外出记录'!$G$5:$G$204,"是") | D28: =COUNTIFS('外出记录'!$C$5:$C$204,A28,'外出记录'!$L$5:$L$204,"延迟回复")+COUNTIFS('外出记录'!$C$5:$C$204,A28,'外出记录'!$L$5:$L$204,"逾期")
A29: ='列表'!$B$14 | B29: =COUNTIF('外出记录'!$C$5:$C$204,A29) | C29: =COUNTIFS('外出记录'!$C$5:$C$204,A29,'外出记录'!$G$5:$G$204,"是") | D29: =COUNTIFS('外出记录'!$C$5:$C$204,A29,'外出记录'!$L$5:$L$204,"延迟回复")+COUNTIFS('外出记录'!$C$5:$C$204,A29,'外出记录'!$L$5:$L$204,"逾期")
A31: 按回复人
A32: 人员 | B32: 已回复 | C32: 按时 | D32: 延迟 | E32: 未回复或逾期
A33: =IF('列表'!$C$11="","",'列表'!$C$11) | B33: =IF(A33="","",COUNTIFS('外出记录'!$I$5:$I$204,A33,'外出记录'!$J$5:$J$204,"<>")) | C33: =IF(A33="","",COUNTIFS('外出记录'!$I$5:$I$204,A33,'外出记录'!$K$5:$K$204,"是")) | D33: =IF(A33="","",COUNTIFS('外出记录'!$I$5:$I$204,A33,'外出记录'!$L$5:$L$204,"延迟回复")) | E33: =IF(A33="","",COUNTIFS('外出记录'!$I$5:$I$204,A33,'外出记录'!$L$5:$L$204,"待回复")+COUNTIFS('外出记录'!$I$5:$I$204,A33,'外出记录'!$L$5:$L$204,"今天到期")+COUNTIFS('外出记录'!$I$5:$I$204,A33,'外出记录'!$L$5:$L$204,"逾期"))
A34: =IF('列表'!$C$12="","",'列表'!$C$12) | B34: =IF(A34="","",COUNTIFS('外出记录'!$I$5:$I$204,A34,'外出记录'!$J$5:$J$204,"<>")) | C34: =IF(A34="","",COUNTIFS('外出记录'!$I$5:$I$204,A34,'外出记录'!$K$5:$K$204,"是")) | D34: =IF(A34="","",COUNTIFS('外出记录'!$I$5:$I$204,A34,'外出记录'!$L$5:$L$204,"延迟回复")) | E34: =IF(A34="","",COUNTIFS('外出记录'!$I$5:$I$204,A34,'外出记录'!$L$5:$L$204,"待回复")+COUNTIFS('外出记录'!$I$5:$I$204,A34,'外出记录'!$L$5:$L$204,"今天到期")+COUNTIFS('外出记录'!$I$5:$I$204,A34,'外出记录'!$L$5:$L$204,"逾期"))
A35: =IF('列表'!$C$13="","",'列表'!$C$13) | B35: =IF(A35="","",COUNTIFS('外出记录'!$I$5:$I$204,A35,'外出记录'!$J$5:$J$204,"<>")) | C35: =IF(A35="","",COUNTIFS('外出记录'!$I$5:$I$204,A35,'外出记录'!$K$5:$K$204,"是")) | D35: =IF(A35="","",COUNTIFS('外出记录'!$I$5:$I$204,A35,'外出记录'!$L$5:$L$204,"延迟回复")) | E35: =IF(A35="","",COUNTIFS('外出记录'!$I$5:$I$204,A35,'外出记录'!$L$5:$L$204,"待回复")+COUNTIFS('外出记录'!$I$5:$I$204,A35,'外出记录'!$L$5:$L$204,"今天到期")+COUNTIFS('外出记录'!$I$5:$I$204,A35,'外出记录'!$L$5:$L$204,"逾期"))
A36: =IF('列表'!$C$14="","",'列表'!$C$14) | B36: =IF(A36="","",COUNTIFS('外出记录'!$I$5:$I$204,A36,'外出记录'!$J$5:$J$204,"<>")) | C36: =IF(A36="","",COUNTIFS('外出记录'!$I$5:$I$204,A36,'外出记录'!$K$5:$K$204,"是")) | D36: =IF(A36="","",COUNTIFS('外出记录'!$I$5:$I$204,A36,'外出记录'!$L$5:$L$204,"延迟回复")) | E36: =IF(A36="","",COUNTIFS('外出记录'!$I$5:$I$204,A36,'外出记录'!$L$5:$L$204,"待回复")+COUNTIFS('外出记录'!$I$5:$I$204,A36,'外出记录'!$L$5:$L$204,"今天到期")+COUNTIFS('外出记录'!$I$5:$I$204,A36,'外出记录'!$L$5:$L$204,"逾期"))
A37: =IF('列表'!$C$15="","",'列表'!$C$15) | B37: =IF(A37="","",COUNTIFS('外出记录'!$I$5:$I$204,A37,'外出记录'!$J$5:$J$204,"<>")) | C37: =IF(A37="","",COUNTIFS('外出记录'!$I$5:$I$204,A37,'外出记录'!$K$5:$K$204,"是")) | D37: =IF(A37="","",COUNTIFS('外出记录'!$I$5:$I$204,A37,'外出记录'!$L$5:$L$204,"延迟回复")) | E37: =IF(A37="","",COUNTIFS('外出记录'!$I$5:$I$204,A37,'外出记录'!$L$5:$L$204,"待回复")+COUNTIFS('外出记录'!$I$5:$I$204,A37,'外出记录'!$L$5:$L$204,"今天到期")+COUNTIFS('外出记录'!$I$5:$I$204,A37,'外出记录'!$L$5:$L$204,"逾期"))
A38: =IF('列表'!$C$16="","",'列表'!$C$16) | B38: =IF(A38="","",COUNTIFS('外出记录'!$I$5:$I$204,A38,'外出记录'!$J$5:$J$204,"<>")) | C38: =IF(A38="","",COUNTIFS('外出记录'!$I$5:$I$204,A38,'外出记录'!$K$5:$K$204,"是")) | D38: =IF(A38="","",COUNTIFS('外出记录'!$I$5:$I$204,A38,'外出记录'!$L$5:$L$204,"延迟回复")) | E38: =IF(A38="","",COUNTIFS('外出记录'!$I$5:$I$204,A38,'外出记录'!$L$5:$L$204,"待回复")+COUNTIFS('外出记录'!$I$5:$I$204,A38,'外出记录'!$L$5:$L$204,"今天到期")+COUNTIFS('外出记录'!$I$5:$I$204,A38,'外出记录'!$L$5:$L$204,"逾期"))
A39: =IF('列表'!$C$17="","",'列表'!$C$17) | B39: =IF(A39="","",COUNTIFS('外出记录'!$I$5:$I$204,A39,'外出记录'!$J$5:$J$204,"<>")) | C39: =IF(A39="","",COUNTIFS('外出记录'!$I$5:$I$204,A39,'外出记录'!$K$5:$K$204,"是")) | D39: =IF(A39="","",COUNTIFS('外出记录'!$I$5:$I$204,A39,'外出记录'!$L$5:$L$204,"延迟回复")) | E39: =IF(A39="","",COUNTIFS('外出记录'!$I$5:$I$204,A39,'外出记录'!$L$5:$L$204,"待回复")+COUNTIFS('外出记录'!$I$5:$I$204,A39,'外出记录'!$L$5:$L$204,"今天到期")+COUNTIFS('外出记录'!$I$5:$I$204,A39,'外出记录'!$L$5:$L$204,"逾期"))
A40: =IF('列表'!$C$18="","",'列表'!$C$18) | B40: =IF(A40="","",COUNTIFS('外出记录'!$I$5:$I$204,A40,'外出记录'!$J$5:$J$204,"<>")) | C40: =IF(A40="","",COUNTIFS('外出记录'!$I$5:$I$204,A40,'外出记录'!$K$5:$K$204,"是")) | D40: =IF(A40="","",COUNTIFS('外出记录'!$I$5:$I$204,A40,'外出记录'!$L$5:$L$204,"延迟回复")) | E40: =IF(A40="","",COUNTIFS('外出记录'!$I$5:$I$204,A40,'外出记录'!$L$5:$L$204,"待回复")+COUNTIFS('外出记录'!$I$5:$I$204,A40,'外出记录'!$L$5:$L$204,"今天到期")+COUNTIFS('外出记录'!$I$5:$I$204,A40,'外出记录'!$L$5:$L$204,"逾期"))
A41: =IF('列表'!$C$19="","",'列表'!$C$19) | B41: =IF(A41="","",COUNTIFS('外出记录'!$I$5:$I$204,A41,'外出记录'!$J$5:$J$204,"<>")) | C41: =IF(A41="","",COUNTIFS('外出记录'!$I$5:$I$204,A41,'外出记录'!$K$5:$K$204,"是")) | D41: =IF(A41="","",COUNTIFS('外出记录'!$I$5:$I$204,A41,'外出记录'!$L$5:$L$204,"延迟回复")) | E41: =IF(A41="","",COUNTIFS('外出记录'!$I$5:$I$204,A41,'外出记录'!$L$5:$L$204,"待回复")+COUNTIFS('外出记录'!$I$5:$I$204,A41,'外出记录'!$L$5:$L$204,"今天到期")+COUNTIFS('外出记录'!$I$5:$I$204,A41,'外出记录'!$L$5:$L$204,"逾期"))
A42: =IF('列表'!$C$20="","",'列表'!$C$20) | B42: =IF(A42="","",COUNTIFS('外出记录'!$I$5:$I$204,A42,'外出记录'!$J$5:$J$204,"<>")) | C42: =IF(A42="","",COUNTIFS('外出记录'!$I$5:$I$204,A42,'外出记录'!$K$5:$K$204,"是")) | D42: =IF(A42="","",COUNTIFS('外出记录'!$I$5:$I$204,A42,'外出记录'!$L$5:$L$204,"延迟回复")) | E42: =IF(A42="","",COUNTIFS('外出记录'!$I$5:$I$204,A42,'外出记录'!$L$5:$L$204,"待回复")+COUNTIFS('外出记录'!$I$5:$I$204,A42,'外出记录'!$L$5:$L$204,"今天到期")+COUNTIFS('外出记录'!$I$5:$I$204,A42,'外出记录'!$L$5:$L$204,"逾期"))
A44: CRMsoftware.pro 免费模板。示例数据均为虚构。

Sheet 列表
A1: 列表和设置
A2: 在这里编辑人员和办公室休息日。其他工作表的下拉列表和日期公式会用到它们。
A4: 设置 | D4: 值
A5: 返岗后在多少个工作日内回复其他消息 | D5: 2
A6: 在多少个工作日内回复紧急消息 | D6: 1
A7: 外出第一天前多少天显示“立即设置消息” | D7: 2
A10: 场景 | B10: 渠道 | C10: 人员 | D10: 办公室休息日
A11: 休假 | B11: 邮件 | C11: Grace Okafor | D11: 46206
A12: 节假日停业 | B12: 网站聊天 | C12: Felipe Andrade | D12: 46272
A13: 病假 | B13: 电话或语音信箱 | C13: 整个办公室 | D13: 46352
A14: 长期病假 | B14: 即时通讯应用 | D14: 46353
A15: 产假或陪产假 | D15: 46381
A16: 长期休假 | D16: 46388
A17: 会议或出差
A18: 繁忙期
A19: 周末或非工作时间
A20: 已离职
